 Dungeon Crawl Stone Soup version 0.30-a0-141-g30f27751c5 (webtiles) character file.

Game seed: 5800662220834130231

123 qw the Chopper (level 5, -4/32 HPs)
             Began as a Gargoyle Fighter on Sept 25, 2022.
             Slain by a gnoll
             ... wielding a +0 whip
              (6 damage)
             ... on level 3 of the Dungeon.
             The game lasted 00:01:04 (2611 turns).

qw the Chopper (Gargoyle Fighter)                   Turns: 2611, Time: 00:01:05

Health: -4/32      AC: 15    Str: 22    XL:     5   Next: 7%
Magic:  5/5        EV:  6    Int:  8    God:
Gold:   77         SH:  4    Dex:  9    Spells: 4/4 levels left

rFire   + . .      SeeInvis .    Y - +0 war axe
rCold   . . .      Faith    .    c - +0 buckler
rNeg    + . .      Spirit   .    k - +0 plate armour
rPois   inf        Reflect  .    (no helmet)
rElec   +          Harm     .    (no cloak)
rCorr   .          Rampage  .    (no gloves)
Will    .....                    (no boots)
Stlth   ..........               (no amulet)
HPRegen 0.10/turn                e - ring of protection from fire
MPRegen 0.09/turn                (no ring)

@: no status effects
A: sickness immunity, AC +4, negative energy resistance 1, electricity
resistance, torment resistance 1, petrification resistance
a: no special abilities


You were on level 3 of the Dungeon.
You visited 1 branch of the dungeon, and saw 3 of its levels.

You collected 77 gold pieces.


Innate Abilities, Weirdness & Mutations

You are immune to sickness and miasma.
Your stone body is resilient. (AC +4)
You are immune to poison.
You resist negative energy. (rN+)
You are resistant to electric shocks. (rElec)
You are resistant to unholy torment.
You are immune to petrification.


   Skills:
 - Level 3.2 Fighting
 + Level 4.6 Axes
 - Level 3.2 Armour
 - Level 3.2 Shields


You had 4 spell levels left.
You didn't know any spells.
Your spell library was empty.

Inventory:

Hand Weapons
 f - a +0 whip
 Y - a +0 war axe (weapon)
Armour
 b - a +0 pair of gloves
 c - a +0 buckler (worn)
 k - a +0 plate armour (worn)
Jewellery
 e - a ring of protection from fire (left hand)
Scrolls
 a - 3 scrolls of identify
 h - a scroll of vulnerability {unknown}
Potions
 d - a potion of might
 g - 2 potions of haste
 m - a potion of flight {unknown}
 n - a potion of resistance {unknown}

Dungeon Overview and Level Annotations

Branches:
Dungeon (3/15)

Altars:
Nemelex Xobeh


Message History

You slash the gnoll!
You kill the gnoll!
You closely miss the gnoll. The gnoll hits you with a +0 whip.
You block the gnoll's attack.
You slash the gnoll!
The gnoll is almost dead.
You hit the gnoll but do no damage. You barely miss the gnoll.
The gnoll hits you but does no damage. You block the gnoll's attack.
The gnoll hits you but does no damage.
You completely miss the gnoll.
The gnoll is almost dead.
You closely miss the gnoll. x2
You block the gnoll's attack. The gnoll hits you with a +0 club.
The gnoll hits you but does no damage.
You slash the gnoll!
You kill the gnoll!
You hit the gnoll. You barely miss the gnoll. You block the gnoll's attack.
The gnoll hits you with a +0 flail! The gnoll completely misses you.
The gnoll hits you but does no damage.
You hit the gnoll.
The gnoll is moderately wounded.
You slash the gnoll!
The gnoll hits you but does no damage. x2
You hit the gnoll but do no damage.
The gnoll is severely wounded.
You hit the gnoll. The gnoll hits you with a +0 whip.
The gnoll barely misses you.
You closely miss the gnoll.
The gnoll is severely wounded.
You completely miss the gnoll.
The gnoll hits you but does no damage. x3; The gnoll hits you with a +0 flail!
You slash the gnoll!
You kill the gnoll!
You hit the gnoll. You block the gnoll's attack.
You have reached level 5!
You hit the gnoll.
The gnoll is almost dead.
The gnoll hits you with a +0 whip.
You die...

#...###. .########
###...#. (........
###)#. ......... .
#)#. ........# .#
...###.##
........# .#
#....... ........#
#.## #####.)#
......)g###..#####
##.#
#)@.....#...## #..
###..........##
##. #............#
#. #............##
#.
#.............###.
##....>.........##
##...##...##>....
#########.......
..###..######


You could see a gnoll.

Vanquished Creatures
  2 adders
  4 gnolls
  2 worms (D:2)
  2 dart slugs
  3 orcs (D:3)
  5 endoplasms
  A giant cockroach (D:3)
  5 goblins
  5 hobgoblins
  7 kobolds
  2 quokkas (D:1)
  4 ball pythons
  5 bats
  2 frilled lizards
  5 rats
54 creatures vanquished.

Notes
Turn   | Place    | Note
-------+----------+-------------------------------------------
     0 | D:1      | qw the Gargoyle Fighter began the quest for the Orb.
     0 | D:1      | Reached XP level 1. HP: 14/14 MP: 1/1
     0 | D:1      | 0 ||| qw: Version: 0.2-a-10-g399e6c4
     0 | D:1      | 0 ||| qw: Game counter: 348
     0 | D:1      | 0 ||| qw: Always use a shield: true
     0 | D:1      | 0 ||| qw: God list: Okawaru
     0 | D:1      | 0 ||| qw: Allow faded altars: false
     0 | D:1      | 0 ||| qw: Do Orc after D:15 true
     0 | D:1      | 0 ||| qw: Do second Lair branch before Depths: true
     0 | D:1      | 0 ||| qw: Lair rune preference: random
     0 | D:1      | 0 ||| qw: Plans: Normal, Zot:1-4, God:TSO, Crypt, Tomb,
                  | Pan, Slime:5, Hells, Abyss, Orb
     0 | D:1      | 0 ||| PLANNING D:1-11
    21 | D:1      | 21 ||| Stepping ~*~*~tactically~*~*~ (stealth).
    22 | D:1      | 22 ||| Stepping ~*~*~tactically~*~*~ (stealth).
   141 | D:1      | HP: 3/14 [gnoll/+0 spear (5)]
   143 | D:1      | Reached skill level 2 in Axes
   143 | D:1      | Reached XP level 2. HP: 5/19 MP: 2/2
   718 | D:1      | Reached skill level 3 in Axes
   746 | D:1      | Reached XP level 3. HP: 23/23 MP: 3/3
   862 | D:1      | 862 ||| Stepping ~*~*~tactically~*~*~ (stealth).
   863 | D:1      | 863 ||| Stepping ~*~*~tactically~*~*~ (stealth).
   871 | D:1      | 871 ||| Stepping ~*~*~tactically~*~*~ (stealth).
   872 | D:1      | 872 ||| Stepping ~*~*~tactically~*~*~ (stealth).
   873 | D:1      | 873 ||| Stepping ~*~*~tactically~*~*~ (stealth).
   879 | D:1      | 879 ||| Stepping ~*~*~tactically~*~*~ (stealth).
  1237 | D:1      | 1237 ||| UPGRADING to +0 plate armour.
  1247 | D:1      | 1247 ||| DROPPING +0 scale mail.
  1248 | D:1      | 1248 ||| DROPPING ring of wizardry.
  1249 | D:1      | 1249 ||| READING scroll labelled JOCUYG AVAEQ.
  1250 | D:1      | 1250 ||| READING scroll labelled YFINOCZAUPO.
  1251 | D:1      | 1251 ||| READING scroll labelled YDOCZE NUNUNG.
  1256 | D:1      | 1256 ||| DRINKING 3 emerald potions.
  1306 | D:2      | 1306 ||| STAIRDANCE
  1694 | D:2      | Found a sparkling altar of Nemelex Xobeh.
  1709 | D:2      | 1709 ||| Stepping ~*~*~tactically~*~*~ (hiding).
  1931 | D:2      | Reached XP level 4. HP: 28/28 MP: 4/4
  2155 | D:2      | Reached skill level 4 in Axes
  2222 | D:2      | 2222 ||| UPGRADING to ring of protection from fire.
  2223 | D:2      | 2223 ||| READING scroll labelled GUFAMIPLIE.
  2224 | D:2      | 2224 ||| READING 3 scrolls of identify.
  2224 | D:2      | 2224 ||| IDENTIFYING ruby potion
  2225 | D:2      | 2225 ||| READING 2 scrolls of identify.
  2225 | D:2      | 2225 ||| IDENTIFYING lumpy golden potion
  2226 | D:2      | 2226 ||| DROPPING potion of degeneration.
  2227 | D:2      | 2227 ||| DROPPING potion of invisibility.
  2238 | D:2      | 2238 ||| STAIRDANCE
  2242 | D:2      | 2242 ||| STAIRDANCE
  2246 | D:2      | 2246 ||| STAIRDANCE
  2250 | D:2      | 2250 ||| STAIRDANCE
  2254 | D:2      | 2254 ||| STAIRDANCE
  2258 | D:2      | 2258 ||| STAIRDANCE
  2262 | D:2      | 2262 ||| STAIRDANCE
  2266 | D:2      | 2266 ||| STAIRDANCE
  2270 | D:2      | 2270 ||| STAIRDANCE
  2274 | D:2      | 2274 ||| STAIRDANCE
  2278 | D:2      | 2278 ||| STAIRDANCE
  2282 | D:2      | 2282 ||| STAIRDANCE
  2286 | D:2      | 2286 ||| STAIRDANCE
  2290 | D:2      | 2290 ||| STAIRDANCE
  2294 | D:2      | 2294 ||| STAIRDANCE
  2298 | D:2      | 2298 ||| STAIRDANCE
  2302 | D:2      | 2302 ||| STAIRDANCE
  2306 | D:2      | 2306 ||| STAIRDANCE
  2310 | D:2      | 2310 ||| STAIRDANCE
  2504 | D:3      | 2504 ||| Stepping ~*~*~tactically~*~*~ (stealth).
  2609 | D:3      | HP: 1/28 [gnoll/+0 flail (9)]
  2611 | D:3      | Reached XP level 5. HP: 2/32 MP: 5/5
  2611 | D:3      | Slain by a gnoll

Levels and vault maps discovered:
D:1:      elethiomel_arrival_shortcut, layout_loops_cross, nrook_uturn,
          nrook_mini_vaults, minmay_close_crescents
D:2:      layout_basic, basic_altar, dk_noncrumbling_3,
          chequers_serial_rivers_marsh
D:3:      layout_rooms, uniq_sigmund

Skill      XL: |  1  2  3  4 |
---------------+-------------+-----
Axes           | 2 3 4 |  4.6
Fighting       | |  3.2
Armour         | |  3.2
Shields        | |  3.2

Action                   |  1- 3 |  4- 6 || total
-------------------------+-------+-------++-------
Melee: War axe           |   114 |    60 ||   174
  Use: Scroll            |     3 |     3 ||     6
       Potion            |     1 |       ||     1
Armor: Scale mail        |    37 |       ||    37
       Plate armour      |    18 |    37 ||    55
Dodge: Dodged            |    39 |    21 ||    60
Block: Buckler           |    16 |    19 ||    35

Table legend:
 A = Non-vault XP
 B = Vault XP
 C = Vault XP percentage of total XP
 D = Non-vault monster count
 E = Vault monster count
 F = Vault count percentage of total count
                 A         B        C        D         E       F
            +---------+---------+-------+---------+---------+-------
      Total |     171 |       5 |   2.8 |      50 |       4 |   7.4
            +---------+---------+-------+---------+---------+-------
        D:1 |      46 |       5 |   9.8 |      19 |       4 |  17.4
        D:2 |      49 |       0 |   0.0 |      16 |       0 |   0.0
        D:3 |      76 |       0 |   0.0 |      15 |       0 |   0.0
            +---------+---------+-------+---------+---------+-------
